 Dungeon Crawl Stone Soup version 0.31.0-11-ge490571c62 (webtiles) character file.

Game seed: 7708883268247126912

2475130 jasper the Conqueror (level 26, 239/239 HPs)
             Began as an Armataur Berserker on Feb 5, 2024.
             Was a High Priest of Trog.
             Escaped with the Orb
             ... and 4 runes!
             The game lasted 01:55:51 (63275 turns).

jasper the Conqueror (Armataur Berserker)          Turns: 63275, Time: 01:55:51

Health: 239/239    AC: 51    Str: 35    XL:     26   Next: 83%
Magic:  23/23      EV:  8    Int: 12    God:    Trog [*****.]
Gold:   2706       SH: 33    Dex: 22    Spells: 25/25 levels left

rFire   + + +        R - +9 demon whip (elec)
rCold   + + .        A - +6 tower shield
rNeg    . . .        G - +8 plate armour of Instinct {Rampage rElec Dex+3 Stlth+}
rPois   +            W - +1 helmet of the Tentacled Tuna {Int+4 Dex-4 Slay+2 Stlth+}
rElec   +            i - scarf {rC+ rF+}
rCorr   .            m - +2 pair of gloves {infuse}
SInv    .            X - +6 lightning scales {swift, rElec}
Will    +....        a - amulet of regeneration Stlth
                     k - ring of Vasuin {*Slow rElec rF+ rC+ Dex+6}
HPRegen 1.39/turn    H - ring "Xyruaps" {rElec rPois Dex+6 Slay+3}
MPRegen 0.18/turn

%: slow self (1%), roll, infuse magic (1 MP)
@: studying Ice Magic, quick
A: large, deformed body, tough skin 3, armoured tail, roll 2, stinger 1,
deterioration 1, fire resistance 1, frail 1, shaggy fur 1, strong 1, inability
to read after injury 1
0: Orb of Zot
}: 4/15 runes: barnacled, slimy, silver, gossamer
a: Renounce Religion, Berserk, Trog's Hand, Brothers in Arms


You escaped.
You worshipped Trog.
Trog was extremely pleased with you.
You visited 11 branches of the dungeon, and saw 53 of its levels.
You also visited: Bailey, Ice Cave, Volcano and Wizlab.

You collected 7745 gold pieces.
You spent 5039 gold pieces at shops.

Inventory:

Hand Weapons
 R - a +9 demon whip of electrocution (weapon)
Missiles
 f - 15 curare-tipped darts
 s - 80 boomerangs (quivered)
 U - a throwing net
Armour
 i - a scarf of resistance (worn)
 m - a +2 pair of gloves of infusion (worn)
 A - a +6 tower shield (worn)
 G - the +8 plate armour of Instinct (worn) {Rampage rElec Dex+3 Stlth+}
   (You bought it in a shop on level 1 of the Elven Halls)

   Dex+3:     It affects your dexterity (+3).
   rElec:     It insulates you from electricity.
   Rampage:   It bestows one free step when moving towards enemies.
   Stlth+:    It makes you more stealthy.
 W - the +1 helmet of the Tentacled Tuna (worn) {Int+4 Dex-4 Slay+2 Stlth+}
   (You found it on level 3 of the Elven Halls)

   Int+4:     It affects your intelligence (+4).
   Dex-4:     It affects your dexterity (-4).
   Slay+2:    It affects your accuracy & damage with ranged weapons and melee
   (+2).
   Stlth+:    It makes you more stealthy.
 X - the +6 lightning scales (worn) {swift, rElec}
   (You acquired it on level 1 of the Depths)

   Swift:     It allows the wearer to cover ground more swiftly.
   rElec:     It insulates you from electricity.
Jewellery
 a - an amulet of regeneration (around neck)
 k - the ring of Vasuin (left hand) {*Slow rElec rF+ rC+ Dex+6}
   (You bought it in a shop on level 4 of the Depths)

   [ring of dexterity]

   Dex+6:     It affects your dexterity (+6).
   rF+:       It protects you from fire.
   rC+:       It protects you from cold.
   rElec:     It insulates you from electricity.
   *Slow:     It may slow you when you take damage.
 q - the ring of Keas {rPois rF+ rC+ Int+2}
   (You bought it in a shop on level 4 of the Depths)

   [ring of poison resistance]

   Int+2:     It affects your intelligence (+2).
   rF+:       It protects you from fire.
   rC+:       It protects you from cold.
   rPois:     It protects you from poison
 w - a ring of willpower
 H - the ring "Xyruaps" (right hand) {rElec rPois Dex+6 Slay+3}
   (You took it off a deep elf sorcerer on level 3 of the Elven Halls)

   [ring of dexterity]

   Dex+6:     It affects your dexterity (+6).
   Slay+3:    It affects your accuracy & damage with ranged weapons and melee
   (+3).
   rElec:     It insulates you from electricity.
   rPois:     It protects you from poison
 N - a ring of resist corrosion
 V - the ring "Minlorr" {rPois Will+ MP+9 Dex+4 Slay+2}
   (You found it on level 12 of the Dungeon)

   [ring of poison resistance]

   Dex+4:     It affects your dexterity (+4).
   Slay+2:    It affects your accuracy & damage with ranged weapons and melee
   (+2).
   rPois:     It protects you from poison Will+: It increases your willpower.
   MP+9:      It affects your magic capacity (+9).
Wands
 r - a wand of flame (33)
 t - a wand of light (40)
 x - a wand of mindburst (33)
 C - a wand of digging (9)
 I - a wand of iceblast (53)
 J - a wand of charming (27)
 K - a wand of polymorph (12)
Scrolls
 b - 7 scrolls of fear
 d - 21 scrolls of teleportation
 j - 9 scrolls of noise
 o - 4 scrolls of poison
 u - 3 scrolls of blinking
 y - 3 scrolls of vulnerability
 E - 8 scrolls of fog
 L - 3 scrolls of butterflies
 O - 3 scrolls of silence
 P - 5 scrolls of torment
 S - 2 scrolls of immolation
 T - 5 scrolls of revelation
Potions
 e - 9 potions of haste
 h - 9 potions of might
 l - 5 potions of mutation
 n - 5 potions of resistance
 p - 28 potions of curing
 v - 5 potions of magic
 z - 10 potions of heal wounds
 D - 12 potions of ambrosia
 F - 5 potions of invisibility
 M - 8 potions of cancellation
 Q - 6 potions of lignification
 Y - 6 potions of berserk rage
 Z - 10 potions of enlightenment
Miscellaneous
 c - a box of beasts
 g - a phial of floods
 B - a phantom mirror


   Skills:
 O Level 27 Fighting
 - Level 12.0 Maces & Flails
 O Level 27 Armour
 - Level 3.9 Dodging
 + Level 26.9 Shields
 - Level 15.0 Evocations


You had 25 spell levels left.
You didn't know any spells.
Your spell library was empty.

Dungeon Overview and Level Annotations

Branches:
Dungeon (15/15)            Temple (1/1) D:4            Lair (5/5) D:9
 Shoals (4/4) Lair:3       Spider (4/4) Lair:3        Slime (5/5) Lair:4
    Orc (2/2) D:12            Elf (3/3) Orc:2        Vaults (5/5) D:14
  Crypt (0/3) Vaults:3     Depths (4/4) D:15            Zot (5/5) Depths:4
 Bailey (visited)           IceCv (visited)         Volcano (visited)
 WizLab (visited)

Altars:
Ashenzari
Cheibriados
Dithmenos
Elyvilon
Fedhas
Gozag
Hepliaklqana
Kikubaaqudgha
Makhleb
Nemelex Xobeh
Okawaru
Qazlal
Ru
Sif Muna
Trog
Uskayaw
Vehumet
Wu Jian
Xom
Yredelemnul
Zin
The Shining One

Shops:
D:3 *   D:4 (   D:5 *   D:9 :   D:11 ?   Orc:2 [((   Elf:1 [   Vaults:2 :
Depths:2 [   Depths:4 :=:

Portals:
Hell: Depths:1 Depths:2 Depths:3 Depths:4
Abyss: Depths:1 Depths:2 Depths:3
Pandemonium: Depths:2
Ziggurat: Depths:3
Trove: D:12 (give +5 demon trident)

Annotations:
Slime:2 exclusion: upstairs
Slime:4 exclusion: upstairs
Slime:5 exclusion: upstairs
Elf:2 5 runed translucent doors
Vaults:2 3 runed translucent doors, astronautguy's ghost, master FoEE
Zot:5 2 transporters, browni3141's ghost, adept BaMo


Innate Abilities, Weirdness & Mutations

Armour fits poorly on your strangely shaped body.
You have extremely tough skin. (AC +3)
You have a long armoured tail.
You regenerate magic and health when rolling toward enemies. (Rampage Regen)
Your tail ends in a venomous barb.
Your body sometimes deteriorates upon taking damage.
Your flesh is heat resistant. (rF+)
You are frail. (-10% HP)
You are covered in fur. (AC +1)
Your muscles are strong. (Str +4, Int/Dex -1)
You occasionally lose the ability to read scrolls when taking damage.


Message History

The blast of poison engulfs you but does no damage.
You resist. A mysterious force pulls you upwards.
The hatch slams shut behind you.
There is a stone staircase leading up here.
You climb upwards.
There is a stone staircase leading down here.
What level of the Dungeon? (default 6, ? - help)
A tormentor comes into view.
There is an open door here.
You thrash the tormentor!!
The tormentor is severely wounded.
You whack the tormentor!
You kill the tormentor!
Trog accepts your kill.
There is an iron altar of Okawaru here.
What level of the Dungeon? (default 1, ? - help)
There is an open door here.
Magic restored.
There is a stone staircase leading up here.
You see here a +0 whip.
You climb upwards.
There is a stone staircase leading down here.
There is a stone staircase leading up here.
You climb upwards.
There is a stone staircase leading down here.
There is a stone staircase leading up here.
You climb upwards.
There is a stone staircase leading down here.
There is an open door here.
There is a stone staircase leading up here.
You climb upwards.
There is a stone staircase leading down here.
There is an open door here.
There is an open door here.
You see here a +0 short sword.
You see here a +0 club.
A sun demon comes into view.
The sun demon moves out of view.
There is a staircase leading out of the dungeon here.
You have escaped!

#.######.##.....# #.........#.
#.#....#.##.....###......##.#.
#.#.##.#.##...........#####.#.
#.#.##.#.##.#########.###...#.
#.#.##.#.##.#...........#'#.#.
#.#.##.#.##.#.....3.....#)#...
#.#.##.#.##.#...#..#..#.#'##..
#.#.......#.#........≈..+....#
#.####.####.#@........8.####.#
#...........#........≈○.+..).#
######....###...#..#.°#.#)####
##############...........#.#...
#............#...........#'#...
#.##########.#########.###.####
#.# #....#.#.................
#.# #.##.#.#.#####..#########
#.# #.#..#.#.##..............


You could see a sun demon.

Vanquished Creatures
  4 dread liches
  3 orbs of fire (Zot:5)
  A juggernaut (Depths:1)
  2 ancient liches (Zot:5)
  Boris (twice) (Vaults:3 Depths:2)
  A Head Instructor (WizLab)
  A shard shrike (Slime:4)
  4 Killer Klowns
  4 curse toes
  A caustic shrike (Depths:4)
  8 golden dragons
  Nikola (Elf:3)
  A bone dragon (Depths:4)
  8 electric golems
  12 tentacled monstrosities
  Mlioglotl (Shoals:2)
  Jorgrun (D:15)
  7 quicksilver dragons
  A walking crystal tome (Depths:4)
  An Ice Fiend (D:11)
  25 Orb Guardians
  2 liches
  A titan (Depths:2)
  2 deep elf blademasters (Elf:3)
  2 deep elf master archers (Elf:3)
  6 sphinxes
  Frances (D:14)
  15 acid blobs
  A kraken (Shoals:1)
  Kirke (Lair:4)
  6 shadow dragons
  Polyphemus (Shoals:3)
  6 death cobs
  6 azure jellies
  Roxanne (Elf:1)
  9 tengu reavers
  22 storm dragons
  11 fire giants
  2 draconian knights
  3 protean progenitors
  6 draconian monks
  4 emperor scorpions
  9 rockslimes
  10 vault wardens
  Louise (Elf:3)
  2 iron dragons
  2 deep elf sorcerers (Elf:3)
  4 deep elf elementalists (Elf:3)
  3 frost giants
  2 draconian shifters
  2 spriggan defenders
  7 draconian stormcallers
  2 ghost moths
  73 slime creatures
  2 orc warlords (Vaults:1)
  A demonspawn blood saint (Zot:3)
  A cacodemon (D:9)
  4 draconian scorchers (Zot:3)
  3 draconian annihilators
  2 reapers
  17 quicksilver oozes
  20 ironbound preservers
  7 formless jellyfish
  The ghost of Juirae the Grappler, a journeyman TrMo of Wu Jian (Lair:4)
  2 broodmothers (Spider:2)
  13 stone giants
  5 vampire knights
  7 ironbound thunderhulks
  24 very ugly things
  A demonspawn black sun (Zot:3)
  5 deep elf death magi
  5 black draconians
  3 deep elf demonologists (Elf:3)
  A minotaur (Shoals:1)
  11 purple draconians
  11 dire elephants
  12 white draconians
  6 yellow draconians
  11 deep elf annihilators
  3 war gargoyles
  8 spark wasps
  7 green draconians
  10 red draconians
  10 merfolk impalers
  An eidolon (Vaults:3)
  2 crystal guardians (Vaults:3)
  10 yaktaur captains
  12 fire dragons
  5 deep elf high priests (Elf:3)
  3 merfolk javelineers
  An entropy weaver (shapeshifter) (Elf:2)
  12 ettins
  Josephine (D:15)
  5 entropy weavers
  6 rakshasas
  9 great orbs of eyes
  9 ice dragons
  5 peacekeepers
  6 hydras
  25 vault guards (Vaults:4)
  3 ogre magi (WizLab)
  4 merfolk avatars
  21 centaur warriors
  6 radroaches
  An alligator snapping turtle (Shoals:4)
  2 jorogumos
  8 boulder beetles
  4 spriggan air magi
  3 anacondas
  3 merfolk aquamancers
  9 dancing weapons
  3 two-headed ogres
  7 ironbound frosthearts
  9 tengu warriors
  3 death yaks (Shoals:3)
  4 satyrs
  7 spriggan berserkers
  A two-headed ogre (shapeshifter) (Vaults:1)
  3 vampire magi (WizLab)
  4 deep troll earth magi
  7 demonic crawlers
  10 deep troll shamans
  3 orc high priests
  9 occultists
  A soul eater (Zot:3)
  7 hell knights
  16 deep elf knights
  2 skysharks
  2 sixfirhies (D:9)
  A salamander mystic (WizLab)
  A skyshark (shapeshifter) (Vaults:2)
  6 iron trolls
  An orb spider (shapeshifter) (Depths:2)
  8 pharaoh ants
  6 orb spiders
  4 glowing orange brains
  A flayed ghost (Depths:2)
  6 sea snakes
  A glowing orange brain (shapeshifter) (Vaults:4)
  2 sun moths
  55 deep trolls
  2 phantasmal warriors (Depths:4)
  7 arcanists
  A swamp dragon (Lair:5)
  17 deep elf archers
  5 lindwurms
  3 orc knights
  8 harpies
  A kraken simulacrum (Shoals:4)
  5 mana vipers (WizLab)
  18 deep elf zephyrmancers
  11 necromancers
  20 ironbound convokers
  9 steelbarb worms
  A tengu zombie (Vaults:4)
  24 ugly things
  30 deep elf pyromancers
  21 wolf spiders
  6 orc sorcerers
  4 shining eyes
  19 fauns
  12 cyclopes
  19 manticores
  31 moths of wrath
  8 meliai
  6 elephants
  6 kobold blastminers
  10 merfolk sirens
  5 toenail golems (Volcano)
  A centaur zombie (D:15)
  A naga mage (WizLab)
  A guardian serpent (shapeshifter) (Vaults:3)
  An eye of devastation (shapeshifter) (Depths:4)
  2 ice statues
  17 vault sentinels
  A torpor snail (shapeshifter) (Depths:1)
  5 black mambas
  5 water nymphs
  An eye of devastation (Slime:5)
  5 torpor snails
  An orange demon (D:9)
  7 cane toads
  4 rime drakes
  2 freezing wraiths
  A komodo dragon (Lair:2)
  39 yaktaurs
  A human zombie (Vaults:4)
  Maggie (D:10)
  8 tengu conjurers
  3 efreet
  A merfolk (shapeshifter) (Vaults:1)
  2 ice devils (IceCv)
  A yaktaur skeleton (Vaults:4)
  A tormentor (D:5)
  8 polar bears
  27 merfolk
  12 wind drakes
  5 trolls
  3 glass eyes
  27 tarantellas
  12 snapping turtles
  6 hornets
  A raiju (shapeshifter) (Elf:3)
  11 dream sheep
  30 blink frogs
  A meliai zombie (D:15)
  18 jumping spiders
  21 culicivoras
  A fire giant simulacrum (Vaults:4)
  A spriggan (shapeshifter) (Elf:1)
  3 air elementals
  4 spriggans
  2 centaur simulacra (D:15)
  A shadow (D:12)
  5 humans (Volcano)
  3 wyverns
  8 wraiths
  25 water elementals
  2 hogs (Lair:4)
  35 yaks
  2 dire elephant simulacra (IceCv)
  2 golden eyes (Slime:1)
  5 wargs
  A fire elemental (Elf:3)
  Eustachio (D:4)
  13 vampire mosquitoes
  4 basilisks
  3 steam dragons
  A death yak simulacrum (IceCv)
  30 redbacks
  A chaos spawn (D:9)
  Edmund (D:5)
  3 acid dragons (Lair:5)
  35 water moccasins
  A black bear (shapeshifter) (D:14)
  3 ice beasts
  42 orc warriors
  3 black bears
  4 swamp drakes
  3 laughing skulls
  4 boggarts (D:14)
  2 ogres
  15 wolves
  22 centaurs
  A phantom (D:4)
  Blork the orc (D:4)
  3 kobold brigands
  4 elf zombies (Elf:1)
  11 bullfrogs
  A glowing shapeshifter simulacrum (Vaults:4)
  8 two-headed ogre simulacra (IceCv)
  2 earth elementals
  3 scorpions
  10 wights
  19 killer bees
  An elephant simulacrum (IceCv)
  2 howler monkeys
  6 electric eels
  2 bombardier beetles
  A gnoll bouda (D:7)
  6 jellies
  19 orc priests
  4 hounds
  Ijyb (D:4)
  Natasha (thrice) (D:3)
  9 iguanas
  25 orc wizards
  7 spriggan simulacra (IceCv)
  6 polar bear simulacra (IceCv)
  4 troll simulacra (IceCv)
  4 wolf simulacra (IceCv)
  Robin (D:4)
  28 adders
  3 gnolls (D:7)
  7 naga simulacra (IceCv)
  5 white imps
  6 ufetubi
  91 orcs
  6 ball pythons
  10 endoplasms
  5 giant cockroaches
  11 hobgoblins
  6 jackals
  6 quokkas
  A bat (D:2)
  3 frilled lizards
  17 goblins
  29 kobolds
  5 rats
  2 aspiring fleshes
  3 tentacles (Shoals:1)
2195 creatures vanquished.

Vanquished Creatures (collateral kills)
  A storm dragon (Zot:5)
  A ghoul (Vaults:3)
  A draconian annihilator (Zot:1)
  A quicksilver ooze (Slime:1)
  An ironbound thunderhulk (Vaults:2)
  2 dire elephants (Vaults:2)
  An ettin (Vaults:5)
  A catoblepas (Shoals:3)
  A death yak (Shoals:3)
  5 deep trolls (Vaults:3)
  A necromancer (Vaults:2)
  A shining eye (Slime:1)
  7 slime creatures (Slime:1)
  A merfolk (Shoals:3)
  A snapping turtle (Shoals:3)
26 creatures vanquished.

Vanquished Creatures (others)
  A white draconian (Zot:2)
  A dancing weapon (Elf:3)
  5 deep elf knights
  A deep elf archer (Elf:2)
  A moth of wrath (Zot:5)
  A manticore (Shoals:4)
  A faun (Shoals:2)
  2 humans (Lair:4)
  An orc warrior (Elf:2)
  10 tentacles
24 creatures vanquished.

Grand Total: 2245 creatures vanquished

Notes
Turn   | Place    | Note
-------+----------+-------------------------------------------
     0 | D:1      | jasper the Armataur Berserker began the quest for the Orb.
     0 | D:1      | Reached XP level 1. HP: 18/18 MP: 1/1
   288 | D:1      | Reached XP level 2. HP: 25/25 MP: 2/2
  1498 | D:2      | Reached XP level 3. HP: 23/30 MP: 3/3
  2392 | D:3      | Noticed Natasha
  2400 | D:3      | Killed Natasha
  2401 | D:3      | Reached XP level 4. HP: 10/37 MP: 4/4
  2549 | D:3      | Noticed Natasha
  2554 | D:3      | Killed Natasha
  2599 | D:3      | Found Ywnuteuc's General Store.
  2600 | D:3      | Reached skill level 5 in Maces & Flails
  2603 | D:3      | Bought a potion of curing for 33 gold pieces
  2609 | D:3      | Reached ** piety under Trog
  2730 | D:3      | Reached XP level 5. HP: 31/42 MP: 5/5
  2958 | D:3      | Noticed Natasha
  2961 | D:3      | Killed Natasha
  3141 | D:4      | Noticed Blork the orc
  3154 | D:4      | Killed Blork the orc
  3155 | D:4      | Reached XP level 6. HP: 50/50 MP: 6/6
  3178 | D:4      | Found Huroott's Antique Weapon Boutique.
  3262 | D:4      | Noticed Ijyb
  3273 | D:4      | Killed Ijyb
  3431 | D:4      | Noticed Robin
  3447 | D:4      | Killed Robin
  3537 | D:4      | Found a staircase to the Ecumenical Temple.
  3543 | D:4      | Gained mutation: You regenerate magic and health when
                  | rolling toward enemies. (Rampage Regen) [Armataur growth]
  3543 | D:4      | Reached XP level 7. HP: 49/56 MP: 7/7
  3675 | D:4      | Found a white marble altar of Elyvilon.
  3977 | D:4      | Noticed Eustachio
  3986 | D:4      | Killed Eustachio
  4153 | D:4      | Found a stormy altar of Qazlal.
  4361 | Temple   | Entered the Ecumenical Temple
  4384 | D:5      | Entered Level 5 of the Dungeon
  4399 | D:5      | Reached *** piety under Trog
  4497 | D:5      | Found an iron altar of Okawaru.
  4586 | D:5      | Reached XP level 8. HP: 62/62 MP: 8/8
  4592 | D:5      | Identified the +2 leather armour of Snakes and Ladders
                  | {^Drain rElec Regen+}
  4624 | D:5      | Found a hazy altar of Hepliaklqana.
  4760 | D:5      | Found the +7 Kryia's mail coat {PotionHeal*2 rC+}
  4773 | D:5      | Found Lyin's General Store.
  4791 | D:5      | Bought a potion of heal wounds for 50 gold pieces
  4884 | D:5      | Noticed Edmund
  4895 | D:5      | Killed Edmund
  4896 | D:5      | Reached skill level 10 in Maces & Flails
  5858 | D:7      | Reached XP level 9. HP: 68/68 MP: 9/9
  6351 | D:7      | Found a bloodstained altar of Trog.
  6363 | D:7      | Found an ancient bone altar of Kikubaaqudgha.
  6784 | D:8      | Reached **** piety under Trog
  6816 | D:8      | Reached skill level 1 in Shields
  7332 | D:8      | Found a glowing silver altar of Zin.
  7332 | D:8      | Found a hide-covered altar of Uskayaw.
  7502 | D:9      | Reached skill level 5 in Armour
  7520 | D:9      | Reached XP level 10. HP: 69/80 MP: 10/10
  7651 | D:9      | Reached skill level 5 in Fighting
  7730 | D:9      | Reached skill level 5 in Shields
  7812 | D:9      | Found Hilofo's Book Shoppe.
  7856 | D:9      | Noticed a cyclops
  7871 | D:9      | Killed a cyclops
  7939 | D:9      | Found a shimmering altar of Xom.
  7995 | D:9      | Reached ***** piety under Trog
  8107 | D:9      | Found a staircase to the Lair.
  8457 | D:10     | Entered Level 10 of the Dungeon
  8588 | D:10     | Noticed Maggie
  8597 | D:10     | Killed Maggie
  8598 | D:10     | Reached XP level 11. HP: 91/91 MP: 11/11
  8642 | D:10     | Found a flagged portal.
  8655 | Bailey   | Entered a bailey
  8741 | Bailey   | Reached XP level 12. HP: 97/97 MP: 12/12
  8742 | Bailey   | Reached XP level 13. HP: 104/104 MP: 13/13
  8849 | Bailey   | Acquired a +2 demon whip of electrocution
  9148 | D:10     | Reached skill level 15 in Shields
  9784 | D:11     | Found Qoirghou's Magic Scroll Shop.
  9792 | D:11     | Bought a scroll of blinking for 105 gold pieces
  9792 | D:11     | Bought a scroll of enchant armour for 105 gold pieces
  9792 | D:11     | Bought a scroll of teleportation for 42 gold pieces
  9792 | D:11     | Bought a scroll of blinking for 105 gold pieces
  9792 | D:11     | Bought a scroll of teleportation for 42 gold pieces
 10045 | D:12     | Identified the ring "Minlorr" {rPois Will+ MP+9 Dex+4
                  | Slay+2}
 10293 | D:12     | Reached ****** piety under Trog
 10331 | D:12     | Received a gift from Trog
 10606 | D:12     | Found a staircase to the Orcish Mines.
 10749 | D:12     | Reached skill level 10 in Armour
 10785 | D:12     | Found a shimmering blue altar of Sif Muna.
 10893 | D:12     | Found a portal to a secret trove of treasure.
 11306 | Lair:1   | Entered Level 1 of the Lair of Beasts
 12150 | Lair:1   | Identified the +10 flail "Coghiell" {heavy, rF+ rCorr
                  | Int-5} (Trog gifted it to you on level 1 of the Lair of
                  | Beasts)
 12150 | Lair:1   | Received a gift from Trog
 13434 | Lair:3   | Found a hole to the Spider Nest.
 13444 | Lair:3   | Found a transporter.
 13459 | Lair:3   | Reached XP level 14. HP: 118/118 MP: 14/14
 13476 | Lair:3   | Found a staircase to the Shoals.
 13656 | Lair:3   | Found a dark tunnel.
 13710 | Volcano  | Entered a volcano
 13802 | Volcano  | Received a gift from Trog
 13893 | Volcano  | Reached XP level 15. HP: 73/126 MP: 15/15
 14400 | Lair:3   | Found a transporter.
 14856 | Lair:3   | Identified the ring "Yhag" {rPois MP+9 Int+5}
 14886 | Lair:3   | Reached skill level 10 in Fighting
 14993 | Lair:4   | Noticed Kirke
 15032 | Lair:4   | Killed Kirke
 15326 | Lair:4   | Found a staircase to the Slime Pits.
 15565 | Lair:4   | Found a large runed translucent door.
 15565 | Lair:4   | Found a large runed translucent door.
 15567 | Lair:4   | Noticed Juirae's ghost (journeyman TrMo)
 15578 | Lair:4   | Killed Juirae's ghost
 15584 | Lair:4   | Identified the +2 chain mail of Keiqacin {+Blink rPois
                  | Regen+ Str-5}
 15938 | Lair:4   | Identified the +1 war axe of Kiepreta {freeze, Will+ Int+2}
 16005 | Lair:4   | Identified the +10 rapier "Ellawk" {drain, rC+ Str+5 Int+2
                  | Dex-2}
 16176 | Lair:4   | Identified the +4 trident "Xusazeu" {flame, Int+2 Dex+2}
 16604 | Lair:5   | Entered Level 5 of the Lair of Beasts
 17839 | Orc:1    | Entered Level 1 of the Orcish Mines
 17855 | Orc:1    | Received a gift from Trog
 18010 | Orc:1    | Found a burning altar of Makhleb.
 18325 | Orc:2    | Entered Level 2 of the Orcish Mines
 18369 | Orc:2    | Found a staircase to the Elven Halls.
 18395 | Orc:2    | Found a frozen archway.
 18424 | IceCv    | Entered an ice cave
 18590 | IceCv    | Identified the +6 war axe of Absolution {speed, rN+ Int+5}
 18641 | IceCv    | Received a gift from Trog
 19716 | Orc:2    | Reached XP level 16. HP: 138/138 MP: 16/16
 19761 | Orc:2    | Received a gift from Trog
 19897 | Orc:2    | Found Ecsuymoz's Weapon Shoppe.
 19897 | Orc:2    | Found Tilur's Armour Shop.
 19899 | Orc:2    | Found Biesiull's Distillery.
 19901 | Orc:2    | Found Cogoimocs's Weapon Emporium.
 19910 | Orc:2    | Bought a potion of invisibility for 120 gold pieces
 19910 | Orc:2    | Bought a potion of resistance for 150 gold pieces
 19910 | Orc:2    | Bought a potion of enlightenment for 75 gold pieces
 19910 | Orc:2    | Bought a potion of curing for 45 gold pieces
 19910 | Orc:2    | Bought a potion of curing for 45 gold pieces
 19910 | Orc:2    | Bought a potion of might for 60 gold pieces
 19910 | Orc:2    | Bought 2 potions of haste for 300 gold pieces
 19910 | Orc:2    | Bought a potion of curing for 45 gold pieces
 19910 | Orc:2    | Bought a potion of curing for 45 gold pieces
 19910 | Orc:2    | Bought a potion of ambrosia for 120 gold pieces
 20423 | D:13     | Identified the +3 whip of the Bursted God {holy, rPois rN+
                  | Int+2}
 21476 | D:14     | Found a gate to the Vaults.
 21500 | D:14     | Identified the +4 quarterstaff "Wuqe" {freeze, rPois Dex+5}
 21744 | D:14     | Reached skill level 15 in Armour
 21902 | D:14     | Noticed Frances
 21914 | D:14     | Killed Frances
 21956 | D:14     | Received a gift from Trog
 22254 | D:15     | Entered Level 15 of the Dungeon
 22254 | D:15     | Noticed Jorgrun
 22264 | D:15     | Killed Jorgrun
 22621 | D:15     | Noticed Josephine
 22636 | D:15     | Killed Josephine
 22835 | D:15     | Found a staircase to the Depths.
 23146 | Spider:1 | Entered Level 1 of the Spider Nest
 25085 | Spider:2 | Reached XP level 17. HP: 150/150 MP: 17/17
 25656 | Spider:2 | Received a gift from Trog
 25981 | Spider:2 | Identified the +4 quarterstaff of Tension {venom, Dex+2}
 27481 | Spider:4 | Entered Level 4 of the Spider Nest
 28268 | Spider:3 | Reached skill level 15 in Fighting
 29252 | Spider:4 | Got a gossamer rune of Zot
 29386 | Spider:4 | Identified the scarf of Cocytus {+Inv, Str+2}
 29567 | Shoals:1 | Entered Level 1 of the Shoals
 29652 | Shoals:1 | Reached XP level 18. HP: 90/166 MP: 12/18
 29680 | Shoals:1 | Received a gift from Trog
 30046 | Shoals:1 | Found a hide-covered altar of Uskayaw.
 30056 | Shoals:1 | Identified the +0 arbalest "Ohocwim" {penet, Str+3 Dex+3}
 30064 | Shoals:1 | Identified the +3 halberd of the Holding Butterfly
                  | {protect, *Rage rPois MP+9}
 30570 | Shoals:2 | Noticed Mlioglotl
 30699 | Shoals:2 | Killed Mlioglotl
 31229 | Shoals:2 | Identified the +2 demon whip of an ice cave {flame, rElec
                  | rC+ Int-5 SInv} (Trog gifted it to you on level 2 of the
                  | Shoals)
 31229 | Shoals:2 | Received a gift from Trog
 31503 | Shoals:3 | Noticed Polyphemus
 31513 | Shoals:3 | Killed Polyphemus
 31924 | Shoals:3 | Identified the +1 leather armour of Ofitij {*Slow rPois
                  | rC++}
 32170 | Shoals:4 | Entered Level 4 of the Shoals
 32353 | Shoals:4 | Received a gift from Trog
 32821 | Shoals:4 | Found a basalt altar of Yredelemnul.
 32922 | Shoals:4 | Identified the +6 great mace of Conversion {heavy, *Noise
                  | rN++ Int+8 Stlth+}
 33048 | Shoals:4 | Received a gift from Trog
 33240 | Shoals:4 | Reached XP level 19. HP: 140/181 MP: 14/19
 33250 | Shoals:4 | Got a barnacled rune of Zot
 33748 | Elf:1    | Entered Level 1 of the Elven Halls
 33851 | Elf:1    | Found Zegh's Armour Shop.
 33901 | Elf:1    | Bought the +8 plate armour of Instinct {Rampage rElec Dex+3
                  | Stlth+} for 1377 gold pieces
 33948 | Elf:1    | Identified the +4 robe of Deiz {Rampage Will+ Str+7 Int-5}
 34001 | Elf:1    | Noticed Roxanne
 34022 | Elf:1    | Killed Roxanne
 34101 | Elf:1    | Paralysed by an air elemental for 1 turns
 34121 | Elf:1    | Found a magical portal.
 34138 | Elf:1    | Identified the +4 shortbow "Cuyceosku" {flame, Fly rC-
                  | rCorr}
 34312 | WizLab   | Entered Yara's Duelist Academy
 34637 | WizLab   | Noticed Hokluc
 34658 | WizLab   | Killed Hokluc the Head Instructor
 34668 | WizLab   | Reached skill level 1 in Evocations
 35166 | Elf:1    | Received a gift from Trog
 35491 | Elf:2    | Reached skill level 5 in Evocations
 35762 | Elf:2    | Received a gift from Trog
 36039 | Elf:2    | Found a huge runed translucent gate.
 36039 | Elf:2    | Found a huge runed translucent gate.
 36039 | Elf:2    | Found a huge runed translucent gate.
 36039 | Elf:2    | Found a huge runed translucent gate.
 36040 | Elf:2    | Found a huge runed translucent gate.
 36281 | Elf:3    | Entered Level 3 of the Elven Halls
 36684 | Elf:3    | Noticed Louise
 36704 | Elf:3    | Killed Louise
 36704 | Elf:3    | Received a gift from Trog
 36806 | Elf:3    | Noticed Nikola
 36834 | Elf:3    | Killed Nikola
 36879 | Elf:3    | Acquired 821 gold pieces
 37171 | Elf:3    | Reached skill level 10 in Evocations
 37250 | Elf:3    | Reached XP level 20. HP: 193/193 MP: 20/20
 37610 | Elf:3    | Received a gift from Trog
 37699 | Elf:3    | Identified the +1 helmet of the Tentacled Tuna {Int+4 Dex-4
                  | Slay+2 Stlth+}
 37727 | Elf:3    | Identified the staff of Exoneration {rElec Int+2 Dex+3 Air}
 37804 | Elf:3    | Identified the ring "Xyruaps" {rElec rPois Dex+6 Slay+3}
 37895 | Elf:3    | Identified the +6 orcbow of the Brewing Augurer {flame, rC+
                  | Dex+6}
 37956 | Elf:3    | Identified the +1 leather armour of the Solemn God {rF-
                  | Regen+ Int+5}
 38250 | Vaults:1 | Entered Level 1 of the Vaults
 38552 | Vaults:1 | Received a gift from Trog
 39202 | Vaults:1 | Reached XP level 21. HP: 201/201 MP: 21/21
 39370 | Vaults:1 | Reached skill level 15 in Evocations
 39746 | Vaults:1 | Received a gift from Trog
 40074 | Vaults:2 | Found Zeazosec's Book Emporium.
 40843 | Vaults:2 | Reached XP level 22. HP: 206/208 MP: 22/22
 41352 | Vaults:2 | Found a runed translucent gate.
 41352 | Vaults:2 | Found a runed translucent gate.
 41352 | Vaults:2 | Found a runed translucent gate.
 41354 | Vaults:2 | Noticed astronautguy's ghost (master FoEE)
 41418 | Vaults:2 | Received a gift from Trog
 41766 | Vaults:3 | Noticed Boris
 41785 | Vaults:3 | Killed Boris
 41844 | Vaults:3 | Paralysed by a formless jellyfish for 1 turns
 41852 | Vaults:3 | Identified the +5 morningstar of the Wilderness {antimagic,
                  | rF+ rN+}
 42779 | Vaults:3 | Received a gift from Trog
 43194 | Vaults:3 | Found a staircase to the Crypt.
 43626 | Vaults:4 | Received a gift from Trog
 44292 | Vaults:4 | Received a gift from Trog
 45079 | Depths:1 | Entered Level 1 of the Depths
 45119 | Depths:1 | Reached XP level 23. HP: 201/228 MP: 23/23
 45479 | Depths:1 | Found a gateway to Hell.
 45550 | Depths:1 | Acquired the +6 lightning scales {swift, rElec}
 45550 | Depths:1 | Found the +6 lightning scales {swift, rElec}
 45634 | Depths:1 | Found a basalt altar of Yredelemnul.
 45637 | Depths:1 | Identified the +2 rapier of Qitapla {holy, Int+3}
 45939 | Depths:1 | Received a gift from Trog
 46005 | Depths:1 | Found a one-way gate to the infinite horrors of the Abyss.
 46069 | Depths:1 | Noticed a juggernaut
 46087 | Depths:1 | Killed a juggernaut
 46292 | Depths:1 | Identified the +1 chain mail of Curiosity {rCorr Dex+4}
 46486 | Depths:1 | Found a sparkling altar of Nemelex Xobeh.
 46873 | Depths:2 | Found an opulent altar of Gozag.
 47225 | Depths:2 | Received a gift from Trog
 47778 | Depths:2 | Found a one-way gate leading to the halls of Pandemonium.
 47779 | Depths:2 | Found Palelyuff's Antique Armour Shop.
 47793 | Depths:2 | Identified the +8 rapier of Fiseuh {drain, rPois}
 47823 | Depths:2 | Noticed Boris
 47842 | Depths:2 | Killed Boris
 48172 | Depths:3 | Found a one-way gateway to a ziggurat.
 48634 | Depths:3 | Received a gift from Trog
 48671 | Depths:3 | Reached skill level 27 in Fighting
 48876 | Depths:3 | Reached XP level 24. HP: 239/249 MP: 23/23
 49357 | Depths:4 | Entered Level 4 of the Depths
 49500 | Depths:4 | Received a gift from Trog
 49500 | Depths:4 | Found the +7 lajatang of Order {silver, rMut}
 50548 | Depths:4 | Found a gate to the Realm of Zot.
 50686 | Depths:4 | Found Exoitz's Book Shoppe.
 50686 | Depths:4 | Found Ycav Op Piod's Jewellery Shop.
 50687 | Depths:4 | Found Suoxibuv's Book Shoppe.
 50695 | Depths:4 | Bought the ring of Vasuin {*Slow rElec rF+ rC+ Dex+6} for
                  | 1226 gold pieces
 50695 | Depths:4 | Bought the ring of Keas {rPois rF+ rC+ Int+2} for 949 gold
                  | pieces
 51157 | Vaults:5 | Entered Level 5 of the Vaults
 51478 | Vaults:4 | Received a gift from Trog
 51574 | Vaults:5 | Noticed a dread lich
 51582 | Vaults:5 | Killed a dread lich
 51626 | Vaults:5 | Got a silver rune of Zot
 51986 | Slime:1  | Entered Level 1 of the Pits of Slime
 52198 | Slime:5  | Entered Level 5 of the Pits of Slime
 52212 | Slime:5  | Gained mutation: You are dopey. (Int -2) [a shining eye]
 52598 | Slime:5  | Received a gift from Trog
 52868 | Slime:5  | Noticed the Royal Jelly
 52886 | Slime:5  | the Royal Jelly changed into a shard shrike shaped Royal
                  | Jelly
 52886 | Slime:5  | Noticed a shard shrike shaped Royal Jelly
 52916 | Slime:5  | Gained mutation: You have hidden genetic defects. [a
                  | shining eye]
 53004 | Slime:5  | Gained mutation: You do not regenerate when monsters are
                  | visible. [a shining eye]
 53005 | Slime:5  | Gained mutation: Your body sometimes deteriorates upon
                  | taking damage. [a shining eye]
 53313 | Slime:4  | Killed a shard shrike shaped Royal Jelly
 53559 | Slime:5  | Paralysed by a formless jellyfish for 1 turns
 53566 | Slime:5  | Reached XP level 25. HP: 204/257 MP: 0/23
 53602 | Slime:5  | Found the +8 Vampire's Tooth {megavamp}
 53661 | Slime:5  | Got a slimy rune of Zot
 53696 | Slime:5  | Identified the +0 short sword "Itrucrug" {venom, Int+2}
 54024 | Depths:1 | Lost mutation: You have hidden genetic defects. [potion of
                  | mutation]
 54024 | Depths:1 | Lost mutation: You are dopey. (Int -2) [potion of mutation]
 54024 | Depths:1 | Gained mutation: You are vulnerable to heat. (rF-) [potion
                  | of mutation]
 54024 | Depths:1 | Gained mutation: You are dopey. (Int -2) [potion of
                  | mutation]
 54024 | Depths:1 | Lost mutation: You are dopey. (Int -2) [potion of mutation]
 54025 | Depths:1 | Lost mutation: You are vulnerable to heat. (rF-) [potion of
                  | mutation]
 54025 | Depths:1 | Lost mutation: You do not regenerate when monsters are
                  | visible. [potion of mutation]
 54025 | Depths:1 | Gained mutation: Your tail ends in a venomous barb. [potion
                  | of mutation]
 54025 | Depths:1 | Gained mutation: You are covered in fur. (AC +1) [potion of
                  | mutation]
 54128 | Zot:1    | Entered Level 1 of the Realm of Zot
 54999 | Zot:1    | Received a gift from Trog
 56356 | Zot:2    | Noticed a Killer Klown
 56396 | Zot:2    | Killed a Killer Klown
 57928 | Zot:3    | Received a gift from Trog
 58566 | Zot:4    | Identified the ring of the Pariah {Fly Str+6 Dex-4 SInv}
 58892 | Zot:4    | Reached XP level 26. HP: 266/266 MP: 6/23
 59939 | Zot:5    | Entered Level 5 of the Realm of Zot
 60153 | Zot:5    | Identified the +7 chain mail of Makhleb's Indignation {rC+
                  | Int+3}
 60201 | Zot:5    | Found a transporter.
 60201 | Zot:5    | Noticed browni3141's ghost (adept BaMo)
 60202 | Zot:5    | Found a transporter.
 60252 | Zot:5    | Noticed an ancient lich
 60861 | Zot:5    | Noticed an orb of fire
 60875 | Zot:5    | Killed an orb of fire
 61076 | Zot:5    | Noticed an orb of fire
 61080 | Zot:5    | Gained mutation: You are frail. (-10% HP) [an orb of fire]
 61092 | Zot:5    | Killed an orb of fire
 61183 | Zot:5    | Noticed a dread lich
 61194 | Zot:5    | Noticed an ancient lich
 61194 | Zot:5    | Noticed a dread lich
 61196 | Zot:5    | Noticed a dread lich
 61315 | Zot:4    | Received a gift from Trog
 61387 | Zot:5    | Noticed an ancient lich
 61418 | Zot:4    | Killed a dread lich
 61486 | Zot:4    | Killed a dread lich
 61572 | Zot:5    | Killed an ancient lich
 61713 | Zot:5    | Noticed an orb of fire
 61719 | Zot:5    | Gained mutation: You occasionally lose the ability to read
                  | scrolls when taking damage. [an orb of fire]
 61723 | Zot:5    | Gained mutation: Your muscles are strong. (Str +4, Int/Dex
                  | -1) [an orb of fire]
 61734 | Zot:5    | Killed an orb of fire
 61739 | Zot:5    | Noticed an ancient lich
 61757 | Zot:5    | Killed an ancient lich
 62191 | Zot:5    | Killed a dread lich
 62192 | Zot:5    | Reached skill level 27 in Armour
 62545 | Zot:5    | Got the Orb of Zot
 62548 | Zot:5    | Noticed an ancient lich
 62550 | Zot:5    | Noticed an ancient lich
 62799 | Depths:1 | Noticed Noodex the pandemonium lord
 62818 | Depths:1 | Gained mutation: Your flesh is heat resistant. (rF+) [a
                  | cacodemon]
 63275 | D:$      | Escaped with the Orb!

Illustrated notes

Levels and vault maps discovered:
D:1:      shiori_arrival_oz, layout_basic
D:2:      layout_loops_corners
D:3:      layout_rooms, serial_shops, nicolae_shop_pleasant_corner_grove,
          due_unseen_surprise, uniq_natasha
D:4:      layout_loops_ring, nicolae_qazlal_general_emergency,
          minmay_temple_entry_large_hall, serial_shops, shop,
          minmay_ruined_shrine, uniq_ijyb, uniq_blork_the_orc, uniq_eustachio,
          uniq_robin
D:5:      layout_rooms, mainiacjoe_overflow_24_doors, kennysheep_mini,
          nicolae_overflow_hidden_temple, serial_shops, shop, uniq_edmund
D:6:      layout_loops_cross, minmay_misc_feat_rows
D:7:      layout_gridville, mainiacjoe_overflow_catch_the_wave,
          chequers_decorated_corner
D:8:      layout_rooms, gammafunk_temple_overflow_wave, serial_curves,
          eino_curves_03, eino_curves_02, nicolae_tricolors
D:9:      layout_roguey, kennysheep_mini_moat, dpeg_oklobed_lair, serial_shops,
          shop, serial_ice, serial_ice_d, serial_ice_h, serial_ice_l,
          serial_ice_n, wad_rectangle_vault
D:10:     layout_rooms, enter_bailey_4, serial_library_regret_index_split_case,
          minmay_gold_behind_fungi, uniq_maggie
D:11:     layout_loops_ring, serial_shops, nicolae_shop_gibbet_a_chance
D:12:     layout_roguey, erik_orc_1, nicolae_trove_entry_isolated, special_room
          [special_room_orc], nicolae_zen_rock_garden, led_sif_pool
D:13:     layout_roguey, lemuel_flamethrower_1
D:14:     layout_long_grid, hellmonk_vaults_order_and_chaos,
          nicolae_twisting_strands, nrook_loot_triangle,
          kennysheep_generic_room_3, uniq_frances
D:15:     grunt_enter_depths_magical_seal, layout_cave_pools,
          serial_bayou_ford_a, minivault_16, uniq_jorgrun, uniq_josephine
Temple:   nicolae_temple_figure_eight
Lair:1:   lemuel_reptile_caves, layout_hall_layers, cheibrodos_lair_lostbears
Lair:2:   layout_loops_ring, infiniplex_staircase_pool, serial_bayou_shore_a
Lair:3:   gammafunk_worm_tunnel, layout_hall_layers, minmay_shoals_entry_beasts,
          spider_nest_entry_web_field, nicolae_volcano_entry_hallway,
          bh_autumn_forest_stairs, beast_lair_carwin_2, lemuel_fruit_tree
Lair:4:   beast_lair_carwin_large_2, layout_layer_cave,
          nicolae_slime_entry_slimehenge, ebering_ghost_disaster_area,
          serial_bayou_lake_a, infiniplex_staircase_pool_2, uniq_kirke
Lair:5:   guppyfry_lair_end_dragon, layout_loops_ring, minmay_hedge_maze,
          hellmonk_talismancer
Shoals:1: layout_shoals, regret_index_shoals_crete
Shoals:2: layout_shoals, nicolae_shoals_lost_giant_hut, uniq_mlioglotl
Shoals:3: layout_shoals, uniq_polyphemus
Shoals:4: shoals_end_grunt_ice, layout_shoals, lemuel_altar_in_water
Spider:1: layout_chambers, nicolae_spider_webs_and_nodes,
          nicolae_spider_paper_wasps
Spider:2: layout_spider_delve, drop_trap
Spider:3: layout_spider_delve
Spider:4: hellmonk_spider_rune_bug_friends, drop_trap
Slime:1:  layout_caves
Slime:2:  layout_caves
Slime:3:  layout_caves, cheibrodos_slime_lost_civilization_7
Slime:4:  layout_caves
Slime:5:  slime_pit
Orc:1:    layout_caves, bloody_makhleb
Orc:2:    st_orc_rangers, layout_diamond_mine, portal_ice_cave_rime,
          nicolae_orc_seminary
Elf:1:    layout_loops_corners, serial_shops, nicolae_shop_window_shopping,
          infiniplex_enter_wizlab_glasses, minmay_elf_necromancy, uniq_roxanne
Elf:2:    elven_hall_of_blades_hangedman_alternative
          [nooodl_blade_entry_preview], layout_gridlike, uniq_zenata
Elf:3:    minmay_elf_hall_spiked, layout_geoelf_castle, uniq_nikola, uniq_louise
Vaults:1: nicolae_vaults_closet_pinwheel_4, nicolae_vaults_little_squares_6,
          v_misc_9, v_misc_27, nicolae_vaults_network_star,
          vaults_mumra_chevron_long, v_rooms_6, nicolae_vaults_cochlea,
          v_misc_25, nicolae_vaults_tetromino_T_2,
          vaults_room_grunt_arrival_ludios, kb_rosetta,
          ontoclasm_vaults_ligature, layout_vaults_ring
Vaults:2: ebering_ghost_rock_garden, v_misc_9, nicolae_vaults_tangram_2,
          nicolae_vaults_little_squares_6, nicolae_vaults_closet_pinwheel_6,
          nicolae_vaults_double_plus_1, vaults_room_grid, nicolae_vaults_big_ls,
          nicolae_vaults_thirteen_compartments,
          nicolae_vaults_mini_display_case, v_misc_16,
          hangedman_vaults_corner_blocks, nicolae_vaults_border_crossing,
          layout_vaults_maze_snakey, serial_shops, nicolae_diamond_shop
Vaults:3: st_squares, vaults_room_fours, vaults_standard_mumra_lines,
          minmay_crypt_entry_simple_corners, nicolae_vaults_angled_halls,
          nicolae_vaults_triangles, nicolae_vaults_house_2,
          ontoclasm_vaults_gateway, nicolae_vaults_mitosis, grunt_vaults_twisty,
          nicolae_vaults_wine_cellar, vaults_dpeg_emergency_exit,
          layout_vaults_omnibox, uniq_boris
Vaults:4: grunt_vaults_hallway_short, vaults_room_pools,
          nicolae_vaults_shrinking_rooms_1, hangedman_vaults_variations,
          nicolae_vaults_surprise_closet, nicolae_vaults_apartment_1,
          hangedman_vaults_river_flow, nicolae_vaults_trapezoid_4,
          nicolae_vaults_closet_pinwheel_1, nicolae_vaults_storage_closets_2,
          layout_vaults_omnicross
Vaults:5
Depths:1: kennysheep_windowed_halls, layout_gridlike, yredelemnul_altar_generic,
          abyss_entry, pf_coc_iceberg, nemelex_spade_bored_becter
Depths:2: minmay_blocking_statues, layout_gridlike, hangedman_abyss_entry_splay,
          grunt_gozag_statues, pan_entry, hangedman_geh_valley, serial_shops,
          shop
Depths:3: minmay_octagon_keep, layout_cave_pools, enter_ziggurat_f, abyss_entry,
          minmay_misc_feat_five, hell_entry, minmay_staircase_windowed_small
Depths:4: grunt_twist_and_shout, layout_honeycomb, hell_entry,
          kennysheep_random_hallway, minmay_shop_grove, uniq_josephina
Zot:1:    layout_cathedral_of_symmetry
Zot:2:    layout_onion, zot_minivault_5, regret_index_zotdec_banners
Zot:3:    kennysheep_blocky_room, layout_gridlike, skrybe_zot_glass_3
Zot:4:    layout_twisted_circle
Zot:5:    layout_gridlike, gammafunk_ghost_mausoleum

Skill      XL: |  1  2  3  4  5  6  7  8  9 10 11 12 13 14 15 16 17 18 19 20 21 22 23 24 25 26 |
---------------+-------------------------------------------------------------------------------+-----
Maces & Flails | 3 4 5 6 7 9 11 12 | 12.0
Fighting       | 4 6 9 11 13 15 18 20 23 27 | 27.0
Armour         | 5 8 11 12 14 16 19 20 22 25 27 | 27.0
Shields        | 4 6 12 14 16 17 19 20 22 24 26 | 26.9
Evocations     | 10 14 15 | 15.0
Dodging        | 3 |  3.9

Action                     |  1- 3 |  4- 6 |  7- 9 | 10-12 | 13-15 | 16-18 | 19-21 | 22-24 | 25-27 || total
---------------------------+-------+-------+-------+-------+-------+-------+-------+-------+-------++-------
  Melee: Mace              |    52 |       |       |       |       |       |       |       |       ||    52
         Tailslap          |     5 |    19 |    44 |    44 |   215 |   413 |   257 |   692 |   430 ||  2119
         Whip              |    16 |   115 |   377 |   284 |    45 |       |       |       |       ||   837
         Punch             |       |     3 |     1 |       |       |       |       |       |       ||     4
         Demon whip        |       |       |       |       |  1212 |  1884 |  1156 |  2443 |  1423 ||  8118
  Throw: Dart              |       |     2 |       |       |       |       |       |       |       ||     2
         Boomerang         |       |       |       |       |       |       |       |       |     3 ||     3
 Invoke: Berserk           |     2 |     4 |     5 |     1 |     2 |     5 |     1 |     3 |     4 ||    27
         Trog's Hand       |       |     1 |       |       |     1 |     8 |     9 |     5 |     7 ||    31
         Brothers in Arms  |       |       |       |       |       |     1 |       |     5 |     2 ||     8
  Evoke: Wand              |       |       |     4 |       |     3 |       |     5 |     7 |     2 ||    21
         Box of beasts     |       |       |       |       |       |       |     1 |     2 |     1 ||     4
         Phial of floods   |       |       |       |       |       |       |       |       |     2 ||     2
    Use: Scroll            |     2 |     4 |    10 |     3 |    22 |    10 |     9 |    17 |     6 ||    83
         Potion            |       |       |       |     2 |     1 |       |     1 |     1 |     6 ||    11
   Stab: Distracted        |     1 |       |       |     2 |       |       |       |     2 |       ||     5
         Held in net/web   |       |       |       |       |     2 |       |       |       |       ||     2
 Armour: Animal skin       |    31 |    14 |       |       |       |       |       |       |       ||    45
         Skin              |       |     8 |       |       |       |       |       |       |       ||     8
         Chain mail        |       |    37 |    84 |       |       |       |       |       |       ||   121
         Scale mail        |       |       |   140 |   105 |   374 |   797 |     9 |       |       ||  1425
         Ice dragon scales |       |       |       |       |    45 |       |       |       |       ||    45
         Plate armour      |       |       |       |       |       |       |   519 |  1192 |   699 ||  2410
  Dodge: Dodged            |    20 |    25 |    59 |    35 |    84 |   176 |    82 |   199 |   108 ||   788
  Block: Tower shield      |       |       |   122 |   118 |   796 |  2052 |   906 |  2404 |  1358 ||  7756
         Reflection        |       |       |       |       |       |    80 |    88 |       |       ||   168
